 Dungeon Crawl Stone Soup version 0.25.0-11-g1f837a76a1 (webtiles) character file.

Game seed: 3495443719402148899

137 Zaque the Changer (level 5, 0/33 HPs)
             Began as an Octopode Transmuter on June 24, 2020.
             Slain by an orc
             ... wielding a +0 hand axe
              (5 damage)
             ... on level 4 of the Dungeon.
             The game lasted 00:08:22 (3314 turns).

Zaque the Changer (Octopode Transmuter)             Turns: 3314, Time: 00:08:23

Health: 0/33       AC:  1    Str:  9    XL:     5   Next: 20%
Magic:  3/8        EV: 13    Int: 17    God:
Gold:   186        SH:  0    Dex: 12    Spells: 5/8 levels left

rFire    . . .     SeeInvis .     - Unarmed
rCold    . . .     Gourm    .   (no shield)
rNeg     . . .     Faith    .   (helmet restricted)
rPois    .         Spirit   .   (no amulet)
rElec    .         Reflect  .   l - ring of teleportation (curse)
rCorr    .         Harm     .   (no ring)
MR       .....     Rnd*Tele +   (no ring)
Stlth    ++........             (no ring)
HPRegen  0.11/turn              (no ring)
MPRegen  0.11/turn              (no ring)
                                (no ring)
                                (no ring)

@: appendage
A: almost no armour, stealthy swim, amphibious, 8 rings, constrict 8, tentacle
spike 3, camouflage 1, gelatinous body 1
a: End Transformation


You were on level 4 of the Dungeon.
You were not hungry.
One of your tentacles had a temporary spike.
You visited 1 branch of the dungeon, and saw 4 of its levels.

You collected 186 gold pieces.

Inventory:

Hand Weapons
 d - a +0 hunting sling
Missiles
 a - 10 arrows
Jewellery
 l - a cursed ring of teleportation (left tentacle)
Scrolls
 e - a scroll of magic mapping
Potions
 b - a potion of cancellation
 g - 2 potions of magic
 h - a potion of flight {unknown}
 i - 2 potions of curing {unknown}
 j - a potion of stabbing {unknown}
 k - a potion of resistance {unknown}
 m - a potion of haste {unknown}
 n - a potion of mutation {unknown}
Comestibles
 c - 5 rations
 f - 2 chunks of flesh


   Skills:
 - Level 1.2 Fighting
 - Level 2.0 Dodging
 + Level 3.9 Unarmed Combat
 - Level 2.1 Spellcasting
 * Level 4.3 Transmutations


You had 5 spell levels left.
You knew the following spells:

 Your Spells              Type           Power        Failure   Level  Hunger
a - Beastly Appendage     Tmut           ###...       3%          1    #......
b - Sticks to Snakes      Tmut           ###.....     4%          2    ###....

Your spell library contained the following spells:

 Spells                   Type           Power        Failure   Level  Hunger
 Spider Form              Tmut/Pois      #.........   24%         3    ###....
 Ice Form                 Ice/Tmut       #.......     61%         4    #####..
 Blade Hands              Tmut           ###.......   65%         5    ######.


Dungeon Overview and Level Annotations

Branches:
Dungeon (4/15)
 Temple: D:4-7

Altars:
Nemelex Xobeh

Annotations:
D:4 Grinder, Menkaure


Innate Abilities, Weirdness & Mutations

You cannot wear most types of armour.
You are very stealthy in the water. (Stealth+)
You are amphibious.
You can wear up to eight rings at the same time.
You can use your tentacles to constrict eight enemies at once.
Your skin changes colour to match your surroundings (Stealth+).
Your rubbery body absorbs attacks. (AC +1, EV +1)
One of your tentacles bears a large vicious spike.


Message History

* * * LOW HITPOINT WARNING * * *
Unknown command.
You barely miss the hound. Your grab misses the hound.
Your squeeze misses the hound.
The hound is severely wounded.
Your water moccasin bites the hound!
The hound dies!
Something barely misses your water moccasin.
Your water moccasin barely misses the orc.
What are your orders? t - Shout!
Orders for allies: a - Attack new target. r - Retreat! s - Stop attacking. g - Guard the area. f - Follow me.
Anything else - Cancel.
Gang up on whom?
Press: ? - help, Dir - move target cursor, f - Menkaure
Aim: Menkaure Attack!
The orc hits you with a +0 hand axe.
You die...

##
###.###
#@oo..#
###SM##
..# ..#
.M# ...
....
...#


You could see Menkaure, 2 orcs and a friendly water moccasin.

Vanquished Creatures
  A hound (D:3)
  3 adders
  A worm (D:3)
  A leopard gecko (D:3)
  2 orcs
  7 giant cockroaches
  8 hobgoblins
  2 jackals (D:2)
  2 quokkas
  10 bats
  3 frilled lizards
  5 goblins
  10 kobolds
  9 rats
64 creatures vanquished.

Vanquished Creatures (collateral kills)
  A hound (D:4)
1 creature vanquished.

Grand Total: 65 creatures vanquished

Notes
Turn   | Place    | Note
-------+----------+-------------------------------------------
     0 | D:1      | Zaque the Octopode Transmuter began the quest for the Orb.
     0 | D:1      | Reached XP level 1. HP: 13/13 MP: 3/3
    69 | D:1      | Reached XP level 2. HP: 9/18 MP: 3/5
   217 | D:1      | Learned a level 2 spell: Sticks to Snakes
   669 | D:1      | Reached XP level 3. HP: 19/23 MP: 4/6
   921 | D:1      | Reached skill level 3 in Transmutations
  1556 | D:2      | Found a sparkling altar of Nemelex Xobeh.
  1835 | D:2      | Reached XP level 4. HP: 25/28 MP: 7/7
  3173 | D:4      | Noticed Grinder
  3182 | D:3      | Reached skill level 4 in Transmutations
  3182 | D:3      | Reached XP level 5. HP: 19/33 MP: 8/8
  3307 | D:4      | Noticed Menkaure
  3314 | D:4      | Slain by an orc

Illustrated notes

Levels and vault maps discovered:
D:1:      wheals_arrival_linesprint, layout_loops_ring
D:2:      layout_basic, lemuel_doored_altar
D:3:      layout_basic, kennysheep_generic_room_15
D:4:      layout_cave_pools, uniq_menkaure, uniq_grinder

Skill      XL: |  1  2  3  4 |
---------------+-------------+-----
Transmutations | 3 4 |  4.3
Fighting       | |  1.2
Dodging        | |  2.0
Unarmed Combat | |  3.9
Spellcasting   | |  2.1

Action                   |  1- 3 |  4- 6 || total
-------------------------+-------+-------++-------
Melee: Unarmed           |   105 |    53 ||   158
       Constrict         |    24 |    12 ||    36
       Kick              |    20 |     7 ||    27
       Tentacles         |     8 |     7 ||    15
       Punch             |       |     2 ||     2
 Cast: Beastly Appendage |    21 |    18 ||    39
       Sticks to Snakes  |       |     3 ||     3
  Use: Potion            |     2 |       ||     2
       Scroll            |       |     4 ||     4
 Stab: Sleeping          |     6 |     7 ||    13
  Eat: Chunk             |     3 |     5 ||     8
Armor: Skin              |    10 |     5 ||    15
Dodge: Dodged            |    77 |    42 ||   119
